 Dungeon Crawl Stone Soup version 0.29-a0-563-g64e4043 (webtiles) character file.

Game seed: 5053133015834524430

442 Dawnplanks the Ruffian (level 6, -4/55 HPs)
             Began as a Troll Transmuter on June 11, 2022.
             Was a Plaything of Xom.
             Slain by a fire bat (9 damage)
             ... on level 4 of the Dungeon.
             The game lasted 00:07:57 (2953 turns).

Dawnplanks the Ruffian (Troll Transmuter)           Turns: 2953, Time: 00:07:59

Health: -4/55      AC:  4    Str: 19    XL:     6   Next: 71%
Magic:  6/8        EV: 14    Int:  9    God:    Xom [...*..]
Gold:   184        SH:  0    Dex: 12    Spells: 6/9 levels left

rFire   . . .      SeeInvis .     - Unarmed
rCold   . . .      Faith    .   (no shield)
rNeg    . . .      Spirit   .   a - +0 robe
rPois   .          Reflect  .   (helmet restricted)
rElec   .          Harm     .   p - +0 cloak
rCorr   .          Rampage  .   (gloves unavailable)
Will    .....      Rage     1%  (boots unavailable)
Stlth   +.........              (no amulet)
HPRegen 0.98/turn               j - +4 ring of evasion
MPRegen 0.11/turn               (no ring)

@: wereblooded
A: large, unfitting armour, claws 3, regeneration 1, shaggy fur 1, tough skin 1,
berserk 1, deformed body
a: Renounce Religion


You were on level 4 of the Dungeon.
You worshipped Xom.
You were a favourite toy of Xom.
You visited 1 branch of the dungeon, and saw 4 of its levels.

You collected 184 gold pieces.

Inventory:

Armour
 a - a +0 robe (worn)
 p - a +0 cloak (worn)
Jewellery
 j - a +4 ring of evasion (left claw)
Scrolls
 d - 6 scrolls of identify {unknown}
 f - a scroll of amnesia {unknown}
 h - a scroll of vulnerability {unknown}
 i - a scroll of noise {unknown}
 q - a scroll of teleportation {unknown}
 r - a scroll of fear {unknown}
Potions
 b - 3 potions of lignification
 c - a potion of berserk rage {unknown}
 e - a potion of haste {unknown}
 g - a potion of flight {unknown}
 k - 2 potions of heal wounds {unknown}
 l - a potion of brilliance {unknown}
 m - a potion of degeneration {unknown}
 n - a potion of invisibility {unknown}
 o - 2 potions of curing {unknown}
 s - a potion of resistance


   Skills:
 + Level 1.2 Fighting
 + Level 2.9 Dodging
 + Level 5.8 Unarmed Combat
 + Level 2.2 Spellcasting
 + Level 2.0 Transmutations


You had 6 spell levels left.
You knew the following spells:

 Your Spells              Type           Power      Damage    Failure   Level
a - Beastly Appendage     Tmut           8%         N/A       14%         1
b - Wereblood             Tmut           4%         N/A       22%         2

Your spell library contained the following spells:

 Spells                   Type           Power      Damage    Failure   Level
 Spider Form              Tmut/Pois      2%         N/A       54%         3
 Ice Form                 Ice/Tmut       2%         N/A       91%         4


Dungeon Overview and Level Annotations

Branches:
Dungeon (4/15)
 Temple: D:4-7

Altars:
Elyvilon
Xom

Shops:
D:1 *

Annotations:
D:4 1 transporter


Innate Abilities, Weirdness & Mutations

You are too large for most types of armour.
You have claws for hands.
Your natural rate of healing is unusually fast.
You are covered in fur. (AC +1)
You have tough skin. (AC +1)
You tend to lose your temper in combat.
Armour fits poorly on your strangely shaped body.


Message History

Found a stone staircase leading up.
You see here a dart slug corpse.
There is a transporter here.
Casting: Beastly Appendage (safe; 14% risk of failure)
Confirm with . or Enter, or press ? or * to list all spells.
You grow a pair of large bovine horns.
Your feet morph into talons.
Casting: Beastly Appendage (safe; 14% risk of failure)
Confirm with . or Enter, or press ? or * to list all spells.
Your blood is infused with primal strength.
You enter the transporter and appear at another place.
s - a potion of resistance Your transformation is almost over.
As you open the gate, it creaks loudly!
A fire bat comes into view.
Found a notched bone ring, 38 gold pieces and a ring mail.
Found a transporter.
The fire bat bites you but does no damage.
There is an open gate here.
You closely miss the fire bat. You claw the fire bat. You claw the fire bat!
The fire bat is heavily wounded.
You are engulfed in blazing flames.
The fire bat bites you.
You are engulfed in flames.
The fire bat bites you.
You are engulfed in flames.
The fire bat misses you. The fire bat bites you.
You are engulfed in flames.
* * * LOW HITPOINT WARNING * * *
The fire bat misses you.
You claw the fire bat! Your kick misses the fire bat.
The fire bat is severely wounded.
The fire bat bites you.
You are engulfed in flames!
* * * LOW HITPOINT WARNING * * *
You miss the fire bat. Your kick misses the fire bat.
The fire bat is severely wounded.
The fire bat completely misses you. The fire bat attacks as you move away!
The fire bat barely misses you.
Your horns disappear.
Your talons disappear.
The fire bat barely misses you. The fire bat bites you.
* * * LOW HITPOINT WARNING * * *
You are engulfed in flames!
You die...
Xom chortles!

..##).. ########.##...
......#.##... ######
...##.....†..
#○○○○○########.##....†[..
##○○☼°.#°○°.°°#....##<..).
##°°○°○#○°○☼☼.#..#....#[(.
.#[$.°°○.#.#°○#..........†
©#©=.○°○b@.©°°#©....^##...
.#$$.°☼☼.#.#°○#.....#.....
##°○☼○○#°.☼☼○°#...........
##☼○°○○#○°°☼☼°#..(..#.....
#○○☼.☼########.....#.....
###### ...............
.........###...
..........# #...
....####### #...


You could see a fire bat.

Vanquished Creatures
  An ogre (D:4)
  A phantom (D:4)
  A scorpion (D:4)
  4 crimson imps (D:3)
  Jessica (D:2)
  6 adders
  2 dart slugs
  3 orcs (D:4)
  3 bats
  8 endoplasms
  2 giant cockroaches
  7 goblins
  10 hobgoblins
  2 quokkas
  4 ball pythons
  4 frilled lizards
  12 kobolds
  6 rats
77 creatures vanquished.

Vanquished Creatures (others)
  An orc priest (D:4)
  An orc wizard (D:4)
  4 orcs (D:4)
  2 goblins (D:4)
8 creatures vanquished.

Grand Total: 85 creatures vanquished

Notes
Turn   | Place    | Note
-------+----------+-------------------------------------------
     0 | D:1      | Dawnplanks the Troll Transmuter began the quest for the
                  | Orb.
     0 | D:1      | Reached XP level 1. HP: 18/18 MP: 1/1
   229 | D:1      | Reached XP level 2. HP: 26/26 MP: 3/3
   363 | D:1      | Found Qiplokut's General Store.
   708 | D:1      | You fall into a shaft and drop 1 floor!
   727 | D:2      | Reached XP level 3. HP: 32/32 MP: 4/4
   802 | D:2      | Reached skill level 4 in Unarmed Combat
  1207 | D:2      | Reached XP level 4. HP: 40/40 MP: 5/5
  1264 | D:2      | Learned a level 2 spell: Wereblood
  1320 | D:2      | Noticed Jessica
  1325 | D:2      | Killed Jessica
  2046 | D:3      | Reached skill level 1 in Fighting
  2074 | D:3      | Found a white marble altar of Elyvilon.
  2376 | D:3      | Found a faded altar of an unknown god.
  2403 | D:3      | Found a shimmering altar of Xom.
  2434 | D:3      | Reached XP level 5. HP: 48/48 MP: 6/6
  2441 | D:3      | Reached skill level 5 in Unarmed Combat
  2450 | D:3      | Became a worshipper of Xom of Chaos
  2465 | D:3      | XOM: silly message
  2537 | D:3      | XOM: silly message
  2659 | D:3      | XOM: give mutations
  2659 | D:3      | Gained mutation: Armour fits poorly on your strangely
                  | shaped body. [Xom's mischief]
  2659 | D:3      | Gained mutation: You tend to lose your temper in combat.
                  | [Xom's mischief]
  2747 | D:4      | Found a transporter.
  2748 | D:4      | Noticed a phantom
  2751 | D:4      | Noticed an ogre
  2757 | D:4      | XOM: destruction
  2758 | D:4      | Reached XP level 6. HP: 55/55 MP: 5/8
  2808 | D:4      | XOM: divine lightning
  2810 | D:4      | XOM: destruction
  2849 | D:4      | XOM: snakes to sticks
  2945 | D:4      | Found a transporter.
  2945 | D:4      | Noticed a fire bat
  2953 | D:4      | Slain by a fire bat

Illustrated notes

Levels and vault maps discovered:
D:1:      minmay_arrival_shoal_huts, layout_loops_corners, serial_shops,
          nicolae_shop_waterfront
D:2:      layout_loops_ring, minivault_11, uniq_jessica
D:3:      layout_basic, mainiacjoe_overflow_surrounded_room, led_xom_imps,
          shapermc_ecumenical_altar_mp_vishouse, grunt_ministairs_8
D:4:      gammafunk_cloud_chamber, layout_rooms, kennysheep_mini_moat

Skill      XL: |  1  2  3  4  5  6 |
---------------+-------------------+-----
Dodging        | 2 |  2.9
Unarmed Combat | 4 5 |  5.8
Fighting       | 1 |  1.2
Spellcasting   | 2 |  2.2
Transmutations | 2 |  2.0

Action                   |  1- 3 |  4- 6 || total
-------------------------+-------+-------++-------
Melee: Unarmed           |    80 |    99 ||   179
       Punch             |     1 |     3 ||     4
       Kick              |       |     3 ||     3
 Cast: Beastly Appendage |     2 |     5 ||     7
       Wereblood         |       |     8 ||     8
 Stab: Sleeping          |     1 |     2 ||     3
Armor: Robe              |    23 |    22 ||    45
Dodge: Dodged            |    40 |    69 ||   109

Table legend: (Time is in decaauts)
 A = Elapsed time spent in this place.
 B = Non-inter-level travel time spent in this place.
 C = Inter-level travel time spent in this place.
 D = Time resting spent in this place.
 E = Time spent auto-exploring this place.
 F = Levels seen in this place.
 G = Mean time per level.
                   A        B        C        D        E       F      G
               +--------+--------+--------+--------+--------+-----+--------+
         Total |   2947 |   2771 |    176 |     22 |   2262 |   4 |  736.8 |
       Dungeon |   2947 |   2771 |    176 |     22 |   2262 |   4 |  736.8 |
               +--------+--------+--------+--------+--------+-----+--------+

Top non-repeatable levels by time:
     D:3: 1025 daAuts
     D:1: 919 daAuts
     D:2: 819 daAuts
     D:4: 183 daAuts
